Map: [ESL] Goldenaura

Players

PtitDrogo - Winner!

  • Race: Protoss Protoss
  • Spawn Location: 5:00

uThermal

  • Race: Protoss Protoss
  • Spawn Location: 12:00

Event: ESL SC2 Masters 2024 Spring (Regional)

VOD

Have the link to the VOD?

Description

Time

  • Played on: April 13, 2024, 11:37 a.m.
  • Length: 11:35

All games in this series

Show
View Real Time Build Order
Export as new Build Order

PtitDrogo Protoss - Winner!

Build Orders: Phoenix Opening, Blink Stalkers 

Get SALT Encoding   

  12  0:00  Probe  
  13  0:12  Probe  
  14  0:19  Pylon  
  14  0:24  Probe  
  15  0:37  Gateway  
  15  0:38  Probe (Chrono Boost)  
  16  0:47  Probe (Chrono Boost)  
  16  0:48  Assimilator  
  17  0:52  Probe (Chrono Boost)  
  18  1:04  Probe  
  19  1:16  Assimilator, Probe  
  20  1:25  Cybernetics Core  
  20  1:27  Gateway  
  20  1:29  Probe  
  21  1:38  Pylon  
  21  1:41  Probe  
  22  1:53  Probe  
  25  2:01  Warp Gate  
  25  2:05  Probe  
  26  2:14  Sentry  
  28  2:20  Nexus  
  26  2:26  Pylon  
  26  2:30  Probe  
  26  2:33  Sentry  
  29  2:43  Probe  
  30  2:44  Pylon  
  30  2:48  Phoenix  
  30  2:52  Twilight Council  
  30  2:55  Probe (Chrono Boost)  
  31  3:07  Sentry, Probe (Chrono Boost)  
  34  3:14  Probe (Chrono Boost)  
  35  3:20  Blink (Chrono Boost)  
  35  3:22  Probe  
  36  3:28  Pylon  
  36  3:32  Probe (Chrono Boost)  
  38  3:34  Probe (Chrono Boost)  
  38  3:38  Forge  
  38  3:44  Probe (Chrono Boost)  
  40  3:50  Adept x2  
  40  3:52  Probe (Chrono Boost)  
  40  3:53  Probe (Chrono Boost)  
  45  3:58  Probe x2 (Chrono Boost)  
  47  4:10  Probe  
  47  4:11  Stalker x2, Probe  
  47  4:12  Protoss Ground Weapons Level 1 (Chrono Boost)  
  53  4:24  Pylon, Probe  
  53  4:25  Probe  
  55  4:35  Nexus  
  55  4:37  Sentry  
  57  4:40  Stalker  
  57  4:41  Probe  
  57  4:42  Probe  
  61  4:47  Shield Battery  
  60  4:53  Probe  
  60  4:54  Probe  
  57  5:00  Stalker  
  59  5:12  Probe x2  
  59  5:21  Gateway  
  59  5:24  Probe x2  
  61  5:29  Gateway  
  61  5:36  Probe x2  
  61  5:39  Shield Battery  
  61  5:41  Stalker  
  63  5:44  Adept  
  63  5:47  Shield Battery, Probe  
  63  5:48  Probe x2  
  66  5:59  Probe  
  66  6:00  Probe x2  
  69  6:05  Stalker  
  69  6:06  Stalker  
  69  6:09  Gateway  
  69  6:10  Gateway  
  69  6:11  Probe (Chrono Boost)  
  74  6:13  Probe x2 (Chrono Boost)  
  76  6:23  Probe (Chrono Boost)  
  76  6:24  Assimilator  
  76  6:25  Probe (Chrono Boost)  
  79  6:29  Protoss Ground Weapons Level 2 (Chrono Boost)  
  79  6:31  Probe (Chrono Boost)  
  79  6:32  Nexus, Probe x2 (Chrono Boost)  
  81  6:35  Pylon  
  81  6:37  Probe x2  
  83  6:45  Gateway  
  83  6:46  Gateway  
  83  6:49  Charge  
  83  6:50  Probe x2  
  83  6:53  Probe  
  86  6:58  Shield Battery  
  86  7:02  Probe  
  86  7:03  Probe  
  86  7:04  Pylon  
  86  7:05  Probe  
  86  7:06  Gateway  
  89  7:09  Robotics Facility, Gateway  
  89  7:14  Probe  
  89  7:15  Zealot, Probe  
  93  7:22  Probe  
  94  7:24  Pylon  
  94  7:25  Photon Cannon  
  94  7:27  Probe x2  
  96  7:34  Probe  
  97  7:39  Probe x2  
  97  7:40  Stalker  
  97  7:42  Stalker x4  
  109  7:48  Probe x2  
  103  7:51  Stalker x2  
  103  7:55  Warp Prism (Chrono Boost)  
  106  8:01  Zealot x2  
  106  8:03  Probe x2  
  114  8:09  Stalker  
  114  8:12  Zealot, Stalker  
  118  8:13  Zealot x2  
  118  8:14  Pylon  
  118  8:16  Pylon  
  124  8:20  Pylon  
  124  8:27  Pylon  
  124  8:29  Photon Cannon  
  124  8:32  Probe x4  
  128  8:36  Zealot x4  
  128  8:37  Zealot x2  
  128  8:39  Stalker x2  
  128  8:40  Stalker x2  
  148  8:43  Pylon  
  142  8:57  Zealot x6  
  145  9:06  Stalker x4  
  135  9:13  Probe  
  115  9:20  Stalker x2  
  104  9:28  Zealot x6  
  104  9:29  Zealot x2  
  100  9:44  Stalker x2, Probe  
  91  9:52  Probe  
  68  9:54  Zealot x5  
  68  9:57  Probe  
  68  9:59  Probe  
  77  10:07  Probe  
  77  10:09  Pylon  
  77  10:10  Zealot x2  
  77  10:12  Assimilator  
  81  10:17  Stalker x2  
  81  10:18  Zealot x3  
  91  10:24  Nexus  
  91  10:25  Pylon  
  91  10:35  Stalker x2  
  95  10:38  Zealot x3  
  95  10:40  Zealot x2  
  105  10:43  Zealot x3  
  105  11:03  Stalker x3  
  105  11:04  Zealot x6  
  99  11:19  Zealot  
  93  11:26  Zealot x4, Stalker x3  
Show
View Real Time Build Order
Export as new Build Order

uThermal Protoss 

Build Orders: Phoenix Opening 

Get SALT Encoding   

  12  0:00  Probe  
  13  0:12  Probe  
  14  0:17  Pylon  
  14  0:24  Probe (Chrono Boost)  
  15  0:36  Probe (Chrono Boost), Gateway  
  16  0:44  Probe (Chrono Boost)  
  16  0:46  Assimilator  
  17  0:51  Probe  
  17  0:56  Assimilator  
  18  1:03  Probe  
  19  1:09  Gateway  
  19  1:15  Probe  
  20  1:23  Cybernetics Core  
  20  1:27  Probe (Chrono Boost)  
  21  1:37  Pylon  
  21  1:38  Probe (Chrono Boost)  
  22  1:43  Probe (Chrono Boost)  
  23  1:55  Probe  
  23  1:59  Sentry, Stalker  
  28  2:05  Warp Gate  
  28  2:07  Probe  
  29  2:13  Pylon  
  29  2:29  Sentry  
  29  2:31  Phoenix  
  31  2:40  Nexus  
  31  2:49  Robotics Facility  
  31  2:51  Probe  
  31  3:00  Sentry  
  31  3:03  Probe  
  34  3:10  Stalker  
  36  3:15  Pylon, Probe  
  37  3:28  Probe (Chrono Boost)  
  37  3:33  Sentry  
  40  3:39  Warp Prism (Chrono Boost)  
  40  3:40  Probe (Chrono Boost)  
  43  3:49  Probe (Chrono Boost)  
  43  3:52  Probe  
  45  3:59  Probe  
  46  4:04  Probe  
  46  4:08  Immortal (Chrono Boost)  
  51  4:11  Probe  
  51  4:15  Stalker  
  54  4:18  Stalker  
  54  4:23  Shield Battery  
  56  4:25  Probe  
  57  4:36  Twilight Council  
  57  4:37  Probe  
  59  4:38  Pylon  
  59  4:42  Immortal (Chrono Boost)  
  62  4:56  Probe x2  
  64  5:08  Probe x2  
  64  5:11  Immortal (Chrono Boost)  
  64  5:13  Pylon  
  66  5:19  Stalker  
  66  5:20  Stalker  
  70  5:31  Probe x2  
  72  5:35  Nexus  
  72  5:43  Probe x2  
  72  5:45  Blink (Chrono Boost)  
  74  5:51  Gateway  
  74  5:53  Forge  
  74  5:55  Probe x2  
  76  6:03  Gateway  
  74  6:07  Probe x2  
  74  6:08  Pylon  
  74  6:09  Warp Prism (Chrono Boost)  
  76  6:16  Pylon  
  78  6:24  Protoss Ground Weapons Level 1 (Chrono Boost)  
  78  6:26  Sentry, Probe x2  
  78  6:27  Stalker  
  84  6:38  Probe x2  
  86  6:47  Probe  
  86  6:50  Probe x2  
  89  6:54  Stalker  
  89  6:57  Pylon, Nexus  
  89  6:59  Probe, Shield Battery  
  92  7:02  Probe  
  92  7:04  Stalker x2  
  92  7:05  Probe  
  98  7:13  Gateway  
  98  7:14  Probe  
  98  7:15  Probe  
  100  7:17  Gateway  
  100  7:20  Probe  
  101  7:23  Zealot x2  
  101  7:27  Charge (Chrono Boost), Assimilator, Probe  
  101  7:29  Assimilator  
  106  7:30  Probe  
  106  7:32  Stalker  
  106  7:33  Probe  
  108  7:39  Probe  
  108  7:42  Probe  
  110  7:45  Probe  
  110  7:47  Stalker x2  
  115  7:51  Probe  
  115  7:55  Probe  
  115  7:56  Protoss Ground Armor Level 1 (Chrono Boost), Gateway  
  117  7:58  Gateway  
  117  7:59  Gateway  
  117  8:01  Pylon  
  117  8:02  Pylon  
  117  8:04  Pylon  
  117  8:08  Probe x3  
  117  8:10  Gateway  
  117  8:12  Gateway  
  120  8:13  Stalker x2  
  120  8:17  Probe  
  125  8:23  Pylon  
  125  8:24  Stalker  
  125  8:25  Pylon  
  127  8:28  Shield Battery  
  127  8:35  Photon Cannon  
  127  8:37  Stalker x3  
  131  8:46  Stalker  
  131  8:47  Stalker  
  133  8:49  Probe  
  133  8:50  Probe  
  133  8:56  Stalker x2, Probe  
  133  8:58  Probe  
  133  8:59  Zealot  
  133  9:00  Zealot  
  133  9:02  Probe  
  137  9:08  Zealot, Stalker  
  137  9:09  Zealot  
  123  9:10  Probe x2  
  123  9:12  Zealot x3  
  123  9:14  Probe  
  120  9:20  Stalker x2  
  117  9:26  Stalker x2  
  112  9:31  Stalker  
  112  9:34  Stalker  
  114  9:38  Zealot x2  
  114  9:44  Zealot x2  
  98  9:46  Zealot  
  98  9:50  Zealot  
  87  9:57  Stalker  
  87  9:58  Stalker  
  87  9:59  Probe  
  83  10:04  Probe  
  78  10:09  Probe  
  78  10:10  Probe  
  78  10:11  Probe  
  81  10:16  Probe  
  81  10:17  Pylon  
  81  10:19  Warp Prism (Chrono Boost)  
  82  10:21  Probe  
  82  10:26  Probe (Chrono Boost)  
  82  10:27  Probe (Chrono Boost)  
  87  10:30  Probe (Chrono Boost)  
  87  10:34  Stalker x2  
  92  10:37  Probe (Chrono Boost)  
  92  10:39  Probe (Chrono Boost)  
  92  10:41  Stalker  
  98  10:44  Probe (Chrono Boost)  
  98  10:45  Observer (Chrono Boost)  
  96  10:55  Stalker x4  
  96  10:56  Observer (Chrono Boost)  
  96  11:01  Zealot x2  
  96  11:03  Zealot  
  88  11:05  Probe  
  88  11:06  Probe  
  88  11:09  Zealot  
  82  11:11  Stalker  
  82  11:13  Zealot  
  74  11:21  Probe x3  
Tags
 
Add a new tag
Caveats
  • Supply blocks, unpowered buildings, or Contaminate may cause inaccurate times.
  • Supply counts are checked every 10 seconds.